 Dungeon Crawl Stone Soup version 0.26-a0-43-g20b394cb32 (webtiles) character file.

Game seed: 7993768147194100090

292 Mrkan the Poker (level 6, 0/48 HPs)
             Began as a Merfolk Gladiator on June 2, 2020.
             Was an Initiate of Ashenzari.
             Slain by Eustachio
             ... wielding a +0 rapier
              (5 damage)
             ... on level 4 of the Dungeon.
             The game lasted 00:05:43 (3985 turns).

Mrkan the Poker (Merfolk Gladiator)                 Turns: 3985, Time: 00:05:44

Health: 0/48       AC:  6    Str: 16      XL:     6   Next: 33%
Magic:  6/6        EV: 14    Int:  8      God:    Ashenzari [......]
Gold:   52         SH:  0    Dex: 12 (15) Spells: 5/5 levels left

rFire    . . .     SeeInvis .   a - +0 trident
rCold    . . .     Gourm    .   (no shield)
rNeg     . . .     Faith    .   b - +0 leather armour
rPois    +         Spirit   .   c - +0 helmet (curse)
rElec    .         Reflect  .   n - +0 cloak (curse)
rCorr    .         Harm     .   g - +0 pair of gloves (curse)
MR       .....                  (no boots)
Stlth    +.........             (no amulet)
HPRegen  0.16/turn              s - ring of poison resistance
MPRegen  0.10/turn              (no ring)

@: no status effects
A: change form in water, swift swim, stealthy swim
a: Curse Item, Renounce Religion


You were on level 4 of the Dungeon.
You worshipped Ashenzari.
Ashenzari was noncommittal.
You were not hungry.

You visited 1 branch of the dungeon, and saw 4 of its levels.

You collected 52 gold pieces.

Inventory:

Hand Weapons
 a - a +0 trident (weapon)
Missiles
 d - 3 throwing nets (quivered)
Armour
 b - a +0 leather armour (worn)
 c - a cursed +0 helmet (worn)
 g - a cursed +0 pair of gloves (worn)
 n - a cursed +0 cloak (worn)
Jewellery
 e - an uncursed ring of fire
 i - an uncursed amulet of magic regeneration
 j - an uncursed ring of fire
 r - an uncursed ring of positive energy
 s - a ring of poison resistance (left hand)
Scrolls
 h - 6 scrolls of identify {unknown}
 k - a scroll of enchant armour {unknown}
 l - a scroll of enchant weapon {unknown}
 o - a scroll of blinking {unknown}
Potions
 m - a potion of berserk rage {unknown}
 p - a potion of haste {unknown}
 q - a potion of invisibility {unknown}
Comestibles
 f - 6 rations


   Skills:
 + Level 3.9 Fighting
 * Level 7.7 Polearms
 - Level 2.0 Throwing
 + Level 5.6 Dodging


You had 5 spell levels left.
You didn't know any spells.
Your spell library was empty.

Dungeon Overview and Level Annotations

Branches:
Dungeon (4/15)
 Temple: D:4-7

Altars:
Ashenzari
Elyvilon
Fedhas
Nemelex Xobeh
Okawaru
Qazlal
Ru
Xom
The Shining One

Annotations:
D:4 Eustachio


Message History

Eustachio barely misses you. The iron imp hits you.
* * * LOW HITPOINT WARNING * * *
You barely miss Eustachio.
Eustachio is lightly wounded.
The iron imp disappears in a puff of smoke!
Eustachio completely misses you.
You closely miss Eustachio.
Eustachio is lightly wounded.
Eustachio calls on the powers of shadow!
Eustachio closely misses you.
You closely miss Eustachio.
Eustachio is lightly wounded.
You barely miss Eustachio.
Eustachio is lightly wounded.
Eustachio closely misses you.
Okay, then.
You eat one of the 7 rations.
That ration really hit the spot!
The worker ant twitches its antennae in your direction.
Eustachio hits you with a +0 rapier.
You die...

...... #....o.
.......
._..8..
.......
.......
#######.......
#...@@a.#
######.#####.#
#.......# .#
#.##......# .#
###.##.#..#.#
.#
#......#..#.#
>.
#.#.####.....
.. #.#.#
##.#####.
#.#.. .#


You could see Eustachio and a worker ant.

Vanquished Creatures
  Crazy Yiuf (D:2)
  An orc wizard (D:3)
  Terence (D:2)
  2 worker ants (D:4)
  6 adders
  An ooze (D:2)
  4 dart slugs
  4 leopard geckos
  11 orcs
  10 bats
  3 giant cockroaches
  9 goblins
  8 hobgoblins
  3 jackals (D:3)
  A quokka (D:2)
  A ball python (D:3)
  4 frilled lizards
  9 kobolds
  4 rats
83 creatures vanquished.

Notes
Turn   | Place    | Note
-------+----------+-------------------------------------------
     0 | D:1      | Mrkan the Merfolk Gladiator began the quest for the Orb.
     0 | D:1      | Reached XP level 1. HP: 16/16 MP: 1/1
   175 | D:1      | Reached XP level 2. HP: 23/23 MP: 2/2
   290 | D:1      | Reached skill level 5 in Polearms
   591 | D:1      | Reached XP level 3. HP: 28/28 MP: 3/3
  1366 | D:2      | Found a white marble altar of Elyvilon.
  1555 | D:2      | Reached XP level 4. HP: 20/34 MP: 4/4
  1783 | D:2      | Noticed Terence
  1799 | D:2      | Killed Terence
  1799 | D:2      | Reached skill level 6 in Polearms
  1834 | D:2      | Found a shattered altar of Ashenzari.
  1847 | D:2      | Became a worshipper of Ashenzari the Shackled
  1991 | D:2      | Found a runed translucent door.
  1992 | D:2      | Noticed Crazy Yiuf
  2007 | D:2      | Killed Crazy Yiuf
  2007 | D:2      | Reached skill level 5 in Dodging
  2007 | D:2      | Reached XP level 5. HP: 19/41 MP: 5/5
  2472 | D:3      | Reached skill level 7 in Polearms
  2627 | D:3      | Found a glowing golden altar of the Shining One.
  3069 | D:3      | Found a shimmering altar of Xom.
  3069 | D:3      | Found a faded altar of an unknown god.
  3074 | D:3      | Found a blossoming altar of Fedhas.
  3076 | D:3      | Found a sparkling altar of Nemelex Xobeh.
  3078 | D:3      | Found a faded altar of an unknown god.
  3340 | D:3      | Found an iron altar of Okawaru.
  3576 | D:4      | Reached XP level 6. HP: 46/48 MP: 6/6
  3609 | D:4      | Found a sacrificial altar of Ru.
  3918 | D:4      | Found a stormy altar of Qazlal.
  3918 | D:4      | Noticed Eustachio
  3985 | D:4      | Slain by Eustachio

Illustrated notes

Levels and vault maps discovered:
D:1:      nicolae_arrival_washed_ashore, layout_basic
D:2:      layout_loops_ring, nicolae_overflow_hidden_temple,
          kennysheep_flooded_box, corexii_leaking_fountain, ashenzari_altar_1,
          uniq_terence, uniq_crazy_yiuf_cottage
D:3:      layout_basic, okawaru_gym_becter, tso_altar,
          chequers_temple_overflow_minitemple
D:4:      layout_loops_cross, grunt_temple_overflow_open, lemuel_altar_in_water,
          uniq_eustachio

Skill      XL: |  1  2  3  4  5 |
---------------+----------------+-----
Polearms       | 5 6 7 |  7.7
Fighting       | 3 |  3.9
Dodging        | 5 |  5.6
Throwing       | |  2.0

Action                   |  1- 3 |  4- 6 || total
-------------------------+-------+-------++-------
Melee: Trident           |   117 |   252 ||   369
Invok: Curse Item        |       |     3 ||     3
  Use: Potion            |     1 |     4 ||     5
  Eat: Chunk             |     2 |     6 ||     8
       Ration            |       |     1 ||     1
Armor: Leather armour    |    32 |    73 ||   105
Dodge: Dodged            |   108 |   235 ||   343

Table legend:
 A = Non-vault XP
 B = Vault XP
 C = Vault XP percentage of total XP
 D = Non-vault monster count
 E = Vault monster count
 F = Vault count percentage of total count
                 A         B        C        D         E       F
            +---------+---------+-------+---------+---------+-------
      Total |     339 |      79 |  18.9 |      81 |       2 |   2.4
            +---------+---------+-------+---------+---------+-------
        D:1 |      41 |       0 |   0.0 |      21 |       0 |   0.0
        D:2 |      62 |      79 |  56.0 |      24 |       2 |   7.7
        D:3 |     133 |       0 |   0.0 |      29 |       0 |   0.0
        D:4 |     103 |       0 |   0.0 |       7 |       0 |   0.0
            +---------+---------+-------+---------+---------+-------
